 Dungeon Crawl Stone Soup version 0.32-a0-699-g1ee5eff69a (webtiles) character file.

Game seed: 7895586540588575943

3194 Melonhead the Blocker (level 10, -5/80 (82) HPs)
             Began as a Formicid Fighter on Mar 14, 2024.
             Was an Elder of Zin.
             Killed from afar by an acid dragon (29 damage)
             ... with a splash of acid
             ... on level 7 of the Dungeon.
             The game lasted 00:07:49 (6289 turns).

Melonhead the Blocker (Formicid Fighter)            Turns: 6289, Time: 00:07:50

HP:   -5/80 (82)    AC: 13    Str: 24    XL:     10   Next: 16%
MP:   13/13         EV:  5    Int:  9    God:    Zin [****..]
Gold: 480           SH:  6    Dex: 13    Spells: 9/9 levels left

rFire   . . .        a - +0 war axe (elec)
rCold   + . .        c - +0 buckler
rNeg    . . .        A - +0 plate armour
rPois   .            (helmet unavailable)
rElec   .            p - +1 cloak
rCorr   .            (no gloves)
SInv    +            (no boots)
Will    ++...        E - amulet of the acrobat Stlth
                     I - ring of willpower
HPRegen 0.33/turn    C - ring of protection from cold
MPRegen 0.13/turn

%: acrobat
@: mighty, lightly drained
A: permanent stasis, dig shafts and tunnels, antennae 3, four strong arms
a: Dig, Shaft Self, Renounce Religion, Recite, Vitalisation, Imprison, Donate
Gold


You were on level 7 of the Dungeon.
You worshipped Zin.
Zin was greatly pleased with you.
You visited 2 branches of the dungeon, and saw 9 of its levels.

You collected 533 gold pieces.
You donated 53 gold pieces to Zin.

Inventory:

Hand Weapons
 a - a +0 war axe of electrocution (weapon)
 d - a +2 hand axe of electrocution
Armour
 b - a +0 scale mail
 c - a +0 buckler (worn)
 p - a +1 cloak (worn)
 A - a +0 plate armour (worn)
Jewellery
 w - a ring of willpower
 C - a ring of protection from cold (right hand)
 E - an amulet of the acrobat (around neck)
 G - a ring of magical power
 I - a ring of willpower (left hand)
Wands
 v - a wand of digging (7)
Scrolls
 f - 2 scrolls of immolation
 g - a scroll of vulnerability {!r}
 h - 2 scrolls of identify {@r1}
 i - 2 scrolls of fog {@r2}
 m - a scroll of blinking {@r4}
 y - a scroll of brand weapon
 F - 2 scrolls of silence {!r}
 H - a scroll of teleportation {@r3}
Potions
 e - 5 potions of mutation
 j - a potion of magic
 k - 2 potions of brilliance
 l - a potion of lignification
 n - 2 potions of attraction
 r - 2 potions of curing {@q2}
 s - a potion of haste {@q5}
 x - 2 potions of heal wounds {@q1}
 z - 2 potions of might {@q3}
 D - 2 potions of ambrosia


   Skills:
 + Level 8.8 Fighting
 + Level 7.7 Axes
 - Level 3.2 Armour
 + Level 10.4 Shields
 + Level 5.1 Invocations


You had 9 spell levels left.
You didn't know any spells.
Your spell library contained the following spells:

 Spells                   Type           Power      Damage    Failure   Level
 Scorch                   Fire           0%         2d5       100%        2
 Flame Wave               Conj/Fire      0%         2d4       100%        4
 Summon Forest            Summ/Tloc      0%         N/A       100%        5
 Summon Mana Viper        Hex/Summ       0%         N/A       100%        5
 Summon Cactus Giant      Summ           0%         N/A       100%        6


Dungeon Overview and Level Annotations

Branches:
Dungeon (8/15)             Temple (1/1) D:6
   Lair: D:8-11

Altars:
Ashenzari
Cheibriados
Dithmenos
Fedhas
Gozag
Hepliaklqana
Kikubaaqudgha
Makhleb
Nemelex Xobeh
Okawaru
Qazlal
Ru
Sif Muna
Trog
Uskayaw
Vehumet
Wu Jian
Xom
Yredelemnul
Zin
The Shining One

Shops:
D:1 [   D:5 *

Annotations:
D:6 3 runed translucent doors


Innate Abilities, Weirdness & Mutations

You cannot be hasted, slowed, berserked, paralysed or teleported.
You can dig through walls and to a lower floor.
You have a pair of large antennae on your head. (SInv)
Your four strong arms can wield two-handed weapons with a shield.


Message History

The acid dragon is heavily wounded.
You hit the wight. The acid dragon spits acid at you.
The splash of acid hits you!!
* * * LOW HITPOINT WARNING * * *
You block the wight's attack.
You slash the acid dragon!
The acid dragon is severely wounded.
You closely miss the wight. You block the acid dragon's attack. x2
The wight closely misses you.
You barely miss the acid dragon.
The acid dragon is severely wounded.
You closely miss the wight. The acid dragon barely misses you. x2
You block the wight's attack.
The acid dragon bites you but does no damage.
You block the acid dragon's attack.
Unknown command.
You barely miss the acid dragon.
The acid dragon is severely wounded.
You hit the wight but do no damage. The wight barely misses you.
The acid dragon bites you but does no damage.
You block the acid dragon's attack. The wight hits you with a +0 battleaxe!
* * * LOW HITPOINT WARNING * * *
You feel drained.
* * * LOW HITPOINT WARNING * * *
Unknown command.
You feel much better.
The acid dragon bites you but does no damage.
The acid dragon claws you.
* * * LOW HITPOINT WARNING * * *
The wight barely misses you.
Unknown command.
You hit the acid dragon.
The acid dragon is almost dead.
You slash the wight!
You destroy the wight!
Zin accepts your kill. The acid dragon spits acid at you.
The splash of acid hits you!!
You die...

#.............)##.#........
#..........................
####+#.##...####....#....<...
#........................####
#......####..##..............
#.............#..#........##.
#.......#.....#..#........##.
##...)..#..D.)...####.....##.
#......+...@.............##.
#......#.........#####......
##...####.......#............
#....# #.......####.........
#....#####...................
###.............#...........##.
#.+.....(.............########.
#.#........#....#...[.....[#...
#.#.............#...#..........


You could see an acid dragon (catching breath).

Vanquished Creatures
  An unseen horror zombie (D:8)
  A troll (D:8)
  A yak (D:8)
  5 black bears
  2 ice beasts
  A sky beast (D:7)
  A centaur (D:7)
  A kobold brigand (D:6)
  2 phantoms
  2 bullfrogs
  2 scorpions
  A wight (D:7)
  4 killer bees (D:7)
  A howler monkey (D:8)
  4 crimson imps (D:5)
  4 bombardier beetles
  A hound (D:7)
  3 jellies
  5 orc priests
  2 sleepcaps
  5 iguanas
  5 orc wizards
  11 adders
  2 shadow imps
  2 white imps (D:6)
  2 ribbon worms
  4 dart slugs
  23 orcs
  6 ball pythons
  6 bats
  6 endoplasms
  3 giant cockroaches
  2 goblins
  5 hobgoblins
  3 jackals (D:5)
  3 quokkas
  A frilled lizard (D:3)
  14 kobolds
  5 rats
152 creatures vanquished.

Notes
Turn   | Place    | Note
-------+----------+-------------------------------------------
     0 | D:1      | Melonhead the Formicid Fighter began the quest for the Orb.
     0 | D:1      | Reached XP level 1. HP: 18/18 MP: 1/1
    74 | D:1      | Reached XP level 2. HP: 21/24 MP: 2/2
   148 | D:1      | Noticed an animated gold dragon scales
   152 | D:1      | Found Kimmis's Armour Shoppe.
   155 | D:1      | Noticed an animated storm dragon scales
   254 | D:1      | Reached XP level 3. HP: 23/30 MP: 3/3
   317 | D:1      | Found a faded altar of an unknown god.
  1003 | D:2      | Reached XP level 4. HP: 25/37 MP: 4/4
  1591 | D:3      | Reached skill level 5 in Shields
  1701 | D:3      | Noticed a black bear
  1712 | D:3      | Killed a black bear
  1713 | D:3      | Reached XP level 5. HP: 29/43 MP: 5/5
  1713 | D:3      | Reached XP level 6. HP: 34/50 MP: 6/6
  1859 | D:3      | Reached skill level 5 in Fighting
  1859 | D:3      | Reached skill level 6 in Shields
  2001 | D:3      | Found a radiant altar of Vehumet.
  2609 | D:4      | Found a basalt altar of Yredelemnul.
  2612 | D:4      | Noticed a profane servitor
  2622 | D:4      | Found a glowing golden altar of the Shining One.
  2624 | D:4      | Noticed an angel
  2639 | D:4      | Reached XP level 7. HP: 51/56 MP: 7/7
  3190 | D:5      | Entered Level 5 of the Dungeon
  3282 | D:5      | Reached skill level 7 in Shields
  3351 | D:5      | Found a blossoming altar of Fedhas.
  3355 | D:5      | Found a bloodstained altar of Trog.
  3374 | D:5      | Reached skill level 5 in Axes
  3405 | D:5      | Reached XP level 8. HP: 64/64 MP: 8/8
  3508 | D:5      | Found a shimmering altar of Xom.
  3751 | D:5      | Reached skill level 8 in Shields
  3936 | D:5      | Found Nishraam's General Store.
  4259 | D:6      | Found an ancient bone altar of Kikubaaqudgha.
  4348 | D:6      | Found a staircase to the Ecumenical Temple.
  4363 | Temple   | Entered the Ecumenical Temple
  4446 | D:6      | Found a glowing silver altar of Zin.
  4457 | D:6      | Became a worshipper of Zin the Law-Giver
  4457 | D:6      | Reached * piety under Zin
  4586 | D:6      | Reached skill level 1 in Invocations
  4586 | D:6      | Reached XP level 9. HP: 64/72 MP: 9/9
  4619 | D:6      | Noticed a rust devil
  4619 | D:6      | Noticed a rust devil
  4667 | D:6      | Found an iron altar of Okawaru.
  4674 | D:6      | Reached skill level 9 in Shields
  4803 | D:6      | Found a runed translucent gate.
  4803 | D:6      | Found a runed translucent gate.
  5115 | D:7      | Reached ** piety under Zin
  5182 | D:6      | Found a runed translucent gate.
  5575 | D:7      | Reached *** piety under Zin
  5823 | D:7      | Identified the +2 great sword of Callousness {venom, Will++
                  | Str+2 Dex+2 SInv}
  5852 | D:7      | Reached **** piety under Zin
  6245 | D:8      | Noticed a troll
  6257 | D:8      | Killed a troll
  6258 | D:8      | Reached skill level 10 in Shields
  6266 | D:8      | Reached XP level 10. HP: 68/82 MP: 13/13
  6281 | D:8      | Reached skill level 5 in Invocations
  6289 | D:7      | Killed from afar by an acid dragon

Illustrated notes

Levels and vault maps discovered:
D:1:      zaba_arrival_water, layout_loops_ring,
          hellmonk_ecumenical_altar_pennies_from_heaven, serial_shops,
          nicolae_shop_mannequins, hangedman_decor_points
D:2:      layout_loops_cross, minmay_misc_feat_rugged
D:3:      mumra_celtic_spiral_tile, layout_basic,
          nicolae_overflow_crystal_walls, minmay_diced_spiral
D:4:      layout_basic, grunt_temple_overflow_holy_war
D:5:      nicolae_cairo_tiling, layout_loops_cross, led_xom_imps,
          grunt_temple_overflow_open, serial_shops, shop, nrook_mini_vaults
D:6:      cheibrodos_iron_armory, layout_loops_ring,
          nicolae_kikubaaqudgha_miasma_corner, pf_just_have_faith,
          general_overflow_altar, minmay_temple_entry_mini_moons
D:7:      layout_basic
D:8:      cheibrodos_ideogram_h, layout_basic, serial_undead, serial_undead_e,
          serial_undead_c, serial_undead_b, serial_undead_f, serial_undead_c,
          serial_undead_c, serial_undead_f
Temple:   nicolae_temple_bog_church

Skill      XL: |  1  2  3  4  5  6  7  8  9 10 |
---------------+-------------------------------+-----
Fighting       | 4 5 6 7 8 |  8.8
Shields        | 5 6 7 8 10 | 10.4
Axes           | 3 4 5 6 7 |  7.7
Invocations    | 1 4 5 |  5.1
Armour         | |  3.2

Action                     |  1- 3 |  4- 6 |  7- 9 | 10-12 || total
---------------------------+-------+-------+-------+-------++-------
  Melee: War axe           |    84 |    52 |     9 |    14 ||   159
         Hand axe          |       |    35 |   247 |       ||   282
 Invoke: Recite            |       |       |     8 |       ||     8
Ability: Dig               |       |     1 |       |       ||     1
    Use: Potion            |       |     5 |     1 |     1 ||     7
         Scroll            |       |       |    20 |       ||    20
 Armour: Scale mail        |    88 |    93 |    64 |       ||   245
         Plate armour      |       |       |   134 |    35 ||   169
  Dodge: Dodged            |    28 |    49 |    84 |    23 ||   184
  Block: Buckler           |    27 |    33 |    75 |    15 ||   150

Table legend: (Time is in decaauts)
 A = Elapsed time spent in this place.
 B = Non-inter-level travel time spent in this place.
 C = Inter-level travel time spent in this place.
 D = Time resting spent in this place.
 E = Time spent auto-exploring this place.
 F = Levels seen in this place.
 G = Mean time per level.
                   A        B        C        D        E       F      G
               +--------+--------+--------+--------+--------+-----+--------+
         Total |   6365 |   6126 |    239 |    551 |   4461 |   9 |  707.2 |
       Dungeon |   6333 |   6126 |    207 |    551 |   4461 |   8 |  791.6 |
        Temple |     31 |      0 |     31 |      0 |      0 |   1 |   31.0 |
               +--------+--------+--------+--------+--------+-----+--------+

Top non-repeatable levels by time:
     D:3: 1124 daAuts
     D:7: 1030 daAuts
     D:5: 1023 daAuts
     D:6: 974 daAuts
     D:4: 836 daAuts
     D:1: 689 daAuts
     D:2: 605 daAuts
     D:8: 48 daAuts
  Temple: 31 daAuts
